[Event "Titled Tuesday Blitz May 03 Late 2022"]
[White "Miszler, Levente"]
[Black "Yurovskykh, Oleksandr"]
[WhiteFideId "763276"]
[BlackFideId "14134020"]
[WhiteElo "1966"]
[BlackElo "2292"]
[Result "1/2-1/2"]
[Round "04"]
[TimeControl "180+1"]
[Date "2022.05.03"]
[WhiteClock "0:00:42"]
[BlackClock "0:00:03"]

1. Nf3 d5 2. e3 Nf6 3. b3 Bg4 4. Bb2 e6 5. h3 Bh5 6. c4 Be7 7. d4 O-O 8. Be2 Nbd7 9. O-O c5 10. Nbd2 Rc8 11. Rc1 cxd4 12. Nxd4 Bxe2 13. Qxe2 Nb6 14. Rfd1 Bb4 15. cxd5 Nbxd5 16. Nc4 Qe7 17. e4 Nf4 18. Qf3 Ng6 19. a3 Bc5 20. b4 Bxd4 21. Bxd4 Rfd8 22. Bc5 Rxd1+ 23. Rxd1 Qc7 24. Nd6 Rd8 25. Nb5 Rxd1+ 26. Qxd1 Qc8 27. Nxa7 Qa8 28. Qd4 h6 29. Nb5 Qa4 30. Nd6 Qa6 31. Nc4 Qc6 32. f3 Qa6 33. Qd8+ Kh7 34. Nd6 Qxa3 35. Nxf7 Qc1+ 36. Kh2 Qf4+ 37. Kg1 Qc1+ 38. Kh2 Qf4+ 39. Kg1 Qc1+ 1/2-1/2


[Site "https://www.chess.com"]

[Event "Titled Tuesday Blitz May 03 Late 2022"]
[White "Mogranzini, Roberto"]
[Black "Zhou, Qiyu"]
[WhiteFideId "810894"]
[BlackFideId "505161"]
[WhiteElo "2469"]
[BlackElo "1925"]
[Result "0-1"]
[Round "04"]
[TimeControl "180+1"]
[Date "2022.05.03"]
[WhiteClock "0:00:07"]
[BlackClock "0:00:12"]

1. c4 g6 2. g3 Bg7 3. Bg2 d6 4. Nc3 c5 5. d3 Nc6 6. Bd2 Nf6 7. Qc1 O-O 8. Bh6 e5 9. h4 Nh5 10. Bxg7 Nxg7 11. Nf3 Bg4 12. Nd5 f6 13. Nd2 Ne7 14. Ne3 Bc8 15. Ne4 Be6 16. Nc3 Qd7 17. Rb1 Rab8 18. b4 b6 19. O-O Bh3 20. Ncd5 Bxg2 21. Kxg2 f5 22. Nxe7+ Qxe7 23. Nd5 Qe6 24. Qg5 Rf7 25. a4 Rbf8 26. a5 b5 27. bxc5 bxc4 28. dxc4 dxc5 29. Rb5 f4 30. Rxc5 fxg3 31. f3 Nh5 32. Rb1 e4 33. f4 Nxf4+ 34. Nxf4 Rxf4 35. Qd5 Qxd5 36. cxd5 Rf2+ 37. Kxg3 Rxe2 38. d6 Rf3+ 39. Kg4 Rg2# 0-1


[Site "https://www.chess.com"]

[Event "Titled Tuesday Blitz May 03 Late 2022"]
[White "Moiseenko, Alexander"]
[Black "Tisaj, Domen"]
[WhiteFideId "14102560"]
[BlackFideId "14628708"]
[WhiteElo "2577"]
[BlackElo "2333"]
[Result "1-0"]
[Round "04"]
[TimeControl "180+1"]
[Date "2022.05.03"]
[WhiteClock "0:00:10"]
[BlackClock "0:00:10"]

1. d4 d5 2. c4 e6 3. Nc3 Nf6 4. cxd5 exd5 5. Bg5 c6 6. e3 Be7 7. Bd3 Nbd7 8. Nge2 O-O 9. Qc2 a5 10. h3 Re8 11. g4 Ne4 12. Bxe7 Qxe7 13. Bxe4 dxe4 14. Ng3 c5 15. O-O-O cxd4 16. Rxd4 Nc5 17. Ngxe4 Be6 18. Kb1 Rec8 19. Nd6 Rc6 20. Rhd1 a4 21. Nf5 Qf6 22. Nd5 Bxd5 23. Rxd5 Nb3 24. Qd3 Rcc8 25. axb3 axb3 26. Qxb3 g6 27. Rd6 Qe5 28. Nh6+ Kg7 29. Qxf7+ Kxh6 30. Qf4+ Qxf4 31. exf4 Ra4 32. R1d4 Rcc4 33. g5+ Kh5 34. Rd7 h6 35. Rh7 1-0


[Site "https://www.chess.com"]

[Event "Titled Tuesday Blitz May 03 Late 2022"]
[White "Moskalenko, Alexander"]
[Black "Yedidia, Daniel"]
[WhiteFideId "4155351"]
[BlackFideId "30905907"]
[WhiteElo "2434"]
[BlackElo "2574"]
[Result "1-0"]
[Round "04"]
[TimeControl "180+1"]
[Date "2022.05.03"]
[WhiteClock "0:00:31"]
[BlackClock "0:00:06"]

1. c4 Nf6 2. Nc3 b6 3. e4 e5 4. Nf3 Bb7 5. Nxe5 Qe7 6. d4 Nxe4 7. Nxe4 Bxe4 8. Be3 Qb4+ 9. Qd2 Qxd2+ 10. Bxd2 d6 11. Nd3 g6 12. f3 Bb7 13. Bc3 Bg7 14. Kd2 O-O 15. d5 Nd7 16. Be2 Rfe8 17. Rae1 b5 18. Nb4 bxc4 19. Bxc4 Nb6 20. b3 a5 21. Nc6 Nxc4+ 22. bxc4 Bxc3+ 23. Kxc3 Bxc6 24. dxc6 Rxe1 25. Rxe1 Ra6 26. Kd4 Rxc6 27. Re8+ Kg7 28. Ra8 Rc5 29. g4 h5 30. h3 Kf6 31. a4 Kg5 32. Rf8 f5 33. gxh5 gxh5 34. Rh8 Kh4 35. f4 Kxh3 36. Rxh5+ Kg4 37. Rh1 Kxf4 38. Rg1 Re5 39. Rg7 Rc5 40. Rg1 Kf3 41. Rf1+ Kg4 42. Rg1+ Kh4 43. Rg7 f4 44. Rg8 Rf5 45. Ke4 Rc5 46. Kd4 Re5 47. c5 Rxc5 48. Ke4 Rc4+ 49. Kf3 Rxa4 50. Rg7 Rd4 51. Rxc7 Kg5 52. Rg7+ Kf5 53. Rf7+ Ke5 54. Re7+ Kf6 55. Ra7 a4 56. Ra5 Ke6 57. Ra8 Kd5 58. Ra5+ Kc6 59. Ke2 Rb4 60. Kd3 Rb3+ 61. Kc4 d5+ 62. Kd4 a3 63. Ra6+ Kb5 64. Ra8 Rb4+ 65. Kxd5 Ra4 66. Rb8+ Ka5 67. Kc5 1-0


[Site "https://www.chess.com"]

[Event "Titled Tuesday Blitz May 03 Late 2022"]
[White "Nagy, Gabor"]
[Black "Dobre, Claudiu-Cristian"]
[WhiteFideId "737119"]
[BlackFideId "1211854"]
[WhiteElo "2534"]
[BlackElo "2207"]
[Result "1-0"]
[Round "04"]
[TimeControl "180+1"]
[Date "2022.05.03"]
[WhiteClock "0:02:10"]
[BlackClock "0:00:51"]

1. d4 d5 2. c4 c6 3. Nf3 Nf6 4. e3 Bg4 5. h3 Bxf3 6. Qxf3 e6 7. Bd3 Nbd7 8. O-O Bd6 9. Nc3 O-O 10. Bd2 a6 11. Rad1 b5 12. b3 Bb4 13. e4 Bxc3 14. Bxc3 dxe4 15. Bxe4 Nxe4 16. Qxe4 Qc7 17. Rfe1 Nf6 18. Qh4 Rfe8 19. d5 cxd5 20. Bxf6 gxf6 21. Qxf6 Qe7 22. Qxe7 Rxe7 23. cxd5 Rd8 24. dxe6 Rxd1 25. exf7+ Kxf7 26. Rxd1 Re2 27. Rd7+ Ke8 28. Rxh7 Rxa2 29. Ra7 a5 30. h4 a4 31. bxa4 bxa4 32. g3 a3 33. Kg2 Kd8 34. h5 1-0


[Site "https://www.chess.com"]

[Event "Titled Tuesday Blitz May 03 Late 2022"]
[White "Nozdrachev, Leonid"]
[Black "Korchmar, Vasiliy"]
[WhiteFideId "24113433"]
[BlackFideId "24131750"]
[WhiteElo "2242"]
[BlackElo "2370"]
[Result "1-0"]
[Round "04"]
[TimeControl "180+1"]
[Date "2022.05.03"]
[WhiteClock "0:00:03"]
[BlackClock "0:00:03"]

1. e4 c5 2. c3 Nf6 3. e5 Nd5 4. d4 cxd4 5. Nf3 e6 6. cxd4 d6 7. Bc4 Be7 8. O-O O-O 9. Qe1 b6 10. Nc3 Nxc3 11. Qxc3 Bb7 12. Bf4 dxe5 13. Nxe5 Nd7 14. Rad1 Rc8 15. Qg3 Nf6 16. Be2 Rc2 17. Bh6 Ne8 18. Bd3 Rxb2 19. Qh3 f5 20. Bc1 Rb4 21. Bc4 Bd5 22. Bxd5 Qxd5 23. Ba3 Nf6 24. Bxb4 Bxb4 25. Rc1 Bd6 26. Qf3 Qxd4 27. Nc6 Qd5 28. Qxd5 Nxd5 29. Nxa7 Ra8 30. Rc8+ Rxc8 31. Nxc8 Bc5 32. Na7 Nc3 33. Re1 Kf7 34. Nc6 Kf6 35. Ra1 Ne4 36. Rf1 Nc3 37. Ra1 e5 38. Kf1 Ke6 39. a4 Kd5 40. a5 Kxc6 41. a6 b5 42. a7 Bxa7 43. Rxa7 b4 44. Ke1 b3 45. Ra3 Nb5 46. Rxb3 Nd4 47. Rh3 h6 48. Kf1 Kd5 49. Rg3 Ne6 50. Ra3 Kd6 51. Ra6+ Ke7 52. Ra7+ Kf6 53. Ra6 Kf7 54. g3 Kf6 55. Rb6 g6 56. Ra6 h5 57. Ra8 e4 58. Ra6 Ke5 59. Ra5+ Kf6 60. Ra6 Kf7 61. Rb6 Ng5 62. h4 Nf3 63. Ke2 Ne5 64. Ra6 Ng4 65. Ra7+ Kf6 66. Ra8 Kf7 67. Ra6 Kg7 68. Ra1 Kf6 69. Ra6+ Kg7 70. f3 exf3+ 71. Kxf3 Kh6 72. Ra8 Ne5+ 73. Kf4 Nd3+ 74. Ke3 Nc5 75. Rh8+ Kg7 76. Rc8 Ne4 77. Kf3 Kh6 78. Rc7 Nf6 79. Ra7 Nd5 80. Ra8 Nf6 81. Ra5 Ne4 82. Kf4 Nf6 83. Ra6 Nd5+ 84. Ke5 Ne3 85. Kf6 Ng4+ 86. Kf7 Ne5+ 87. Kg8 Ng4 88. Ra7 Nf6+ 89. Kf7 Ng4 90. Ra6 Ne5+ 91. Kg8 Ng4 92. Rb6 Ne5 93. Re6 Ng4 94. Re7 Nf6+ 95. Kf7 Ng4 96. Re8 g5 97. Re6+ Kh7 98. hxg5 f4 99. g6+ Kh6 100. g7+ 1-0


[Site "https://www.chess.com"]

[Event "Titled Tuesday Blitz May 03 Late 2022"]
[White "Ohanyan, Emin"]
[Black "Narayanan.S.L"]
[WhiteFideId "13312022"]
[BlackFideId "5058422"]
[WhiteElo "1927"]
[BlackElo "2494"]
[Result "0-1"]
[Round "04"]
[TimeControl "180+1"]
[Date "2022.05.03"]
[WhiteClock "0:00:01"]
[BlackClock "0:01:28"]

1. e4 c5 2. Nf3 e6 3. d4 cxd4 4. Nxd4 a6 5. Bd3 Bc5 6. Nb3 Be7 7. O-O d6 8. c4 Nd7 9. Qe2 Ngf6 10. Nc3 b6 11. Bf4 Bb7 12. Rfd1 Qc7 13. Rac1 O-O 14. Nd4 Rfe8 15. Bg3 Ne5 16. b3 Nxd3 17. Rxd3 Nd7 18. Rcd1 Ne5 19. R3d2 Rad8 20. a4 g6 21. f3 Bf6 22. Na2 h5 23. Nb4 h4 24. Bf2 Qc8 25. Nd3 d5 26. cxd5 exd5 27. Nxe5 Rxe5 28. Rc2 Qa8 29. Be3 dxe4 30. f4 Red5 31. Rcd2 Qc8 32. Qf2 Qc3 33. f5 g5 34. Ne2 Rxd2 35. Bxd2 Qxb3 0-1


[Site "https://www.chess.com"]

[Event "Titled Tuesday Blitz May 03 Late 2022"]
[White "Omariev, Maksim"]
[Black "Smail, Benedict"]
[WhiteFideId "4193423"]
[BlackFideId "2050480"]
[WhiteElo "2524"]
[BlackElo "2070"]
[Result "1-0"]
[Round "04"]
[TimeControl "180+1"]
[Date "2022.05.03"]
[WhiteClock "0:00:17"]
[BlackClock "0:00:02"]

1. g4 d5 2. Bg2 c6 3. h3 Nf6 4. d4 Nbd7 5. Nf3 e6 6. Bf4 Nb6 7. Nbd2 Bd6 8. Ne5 h6 9. c3 Qc7 10. e3 Nbd7 11. Ndf3 b6 12. Qc2 Ba6 13. O-O-O c5 14. Kb1 cxd4 15. exd4 O-O-O 16. Bh2 Rhf8 17. Rde1 Ne4 18. Nxd7 Qxd7 19. Ne5 Bxe5 20. Bxe5 Nf6 21. f4 Rg8 22. f5 Rde8 23. fxe6 Rxe6 24. Re3 Rge8 25. Rhe1 Qc6 26. Qf2 Bb5 27. Qf4 Kb7 28. h4 a5 29. g5 hxg5 30. hxg5 Nd7 31. Bxg7 Rxe3 32. Rxe3 Rxe3 33. Qxe3 Qg6+ 34. Kc1 Qxg7 35. Bxd5+ Kc7 36. Qf4+ Kd8 37. Bxf7 Qf8 38. g6 Qg7 39. Qd6 Qh6+ 40. Kc2 a4 41. b3 1-0


[Site "https://www.chess.com"]

[Event "Titled Tuesday Blitz May 03 Late 2022"]
[White "Piesik, Piotr"]
[Black "Andreikin, Dmitry"]
[WhiteFideId "1136194"]
[BlackFideId "4158814"]
[WhiteElo "2190"]
[BlackElo "2736"]
[Result "0-1"]
[Round "04"]
[TimeControl "180+1"]
[Date "2022.05.03"]
[WhiteClock "0:00:01"]
[BlackClock "0:00:05"]

1. Nf3 b6 2. g3 Bb7 3. Bg2 g6 4. O-O Bg7 5. c4 Nf6 6. Nc3 O-O 7. d3 c5 8. e4 d6 9. Ne1 Nc6 10. f4 a6 11. Nc2 Nd7 12. Kh1 Qb8 13. g4 b5 14. Bd2 Nd4 15. Rb1 e6 16. Ne2 bxc4 17. dxc4 Nf6 18. Ncxd4 cxd4 19. Ng3 a5 20. g5 Nd7 21. f5 Be5 22. fxe6 fxe6 23. Qg4 Nc5 24. b4 Rxf1+ 25. Nxf1 axb4 26. Bxb4 Bc8 27. Nd2 Qc7 28. a3 Bd7 29. Rf1 Nd3 30. Qf3 Nf4 31. Qg4 Rf8 32. Nf3 Nxg2 33. Kxg2 Qxc4 34. Rf2 Rf4 35. Nxe5 Rxg4+ 36. Nxg4 e5 37. Nh6+ Kg7 38. Bxd6 Bf5 39. exf5 Qd5+ 40. Kg3 Qxd6 41. fxg6 hxg6 42. Rf7+ Kh8 43. Ra7 Qc5 0-1


[Site "https://www.chess.com"]

[Event "Titled Tuesday Blitz May 03 Late 2022"]
[White "Piliczewski, Bogusz"]
[Black "Vega Gutierrez, Sabrina"]
[WhiteFideId "1104144"]
[BlackFideId "2219026"]
[WhiteElo "1896"]
[BlackElo "2286"]
[Result "0-1"]
[Round "04"]
[TimeControl "180+1"]
[Date "2022.05.03"]
[WhiteClock "0:00:57"]
[BlackClock "0:01:26"]

1. d4 d5 2. Nf3 c6 3. Bf4 Nf6 4. e3 Bg4 5. h3 Bf5 6. Bd3 Bxd3 7. Qxd3 Qb6 8. Nbd2 e6 9. O-O Nbd7 10. c4 Be7 11. Rfc1 O-O 12. a3 a5 13. Rc2 c5 14. cxd5 Nxd5 15. Bh2 Rfd8 16. Nc4 Qa6 17. e4 N5f6 18. Nce5 Nxe5 19. Nxe5 Qxd3 20. Nxd3 Rxd4 21. Nxc5 Rc8 22. Rac1 Rxc5 23. Rxc5 Bxc5 24. Rxc5 Rd1# 0-1


[Site "https://www.chess.com"]

[Event "Titled Tuesday Blitz May 03 Late 2022"]
[White "Pinheiro, Iung Alicio de O."]
[Black "Erdogdu, Mert"]
[WhiteFideId "2104350"]
[BlackFideId "6301495"]
[WhiteElo "2528"]
[BlackElo "2485"]
[Result "0-1"]
[Round "04"]
[TimeControl "180+1"]
[Date "2022.05.03"]
[WhiteClock "0:00:02"]
[BlackClock "0:00:05"]

1. c4 e6 2. g3 d5 3. Bg2 c5 4. cxd5 exd5 5. d4 Nf6 6. Nf3 Nc6 7. O-O Be7 8. a3 O-O 9. dxc5 Bxc5 10. b4 Bb6 11. Bb2 Ne4 12. Nbd2 Bg4 13. Nb3 Re8 14. b5 Na5 15. Nxa5 Bxa5 16. Qd4 f6 17. Rad1 Be6 18. Qd3 Rc8 19. Nd4 Bf7 20. Nf5 Nc3 21. Rd2 Na4 22. Bd4 Bxd2 23. Qxd2 Nc5 24. Qf4 Ne6 25. Qg4 Bg6 26. e3 Rc4 27. Rd1 Nxd4 28. Nxd4 Be4 29. Bf1 Qc8 30. Qh5 Rc5 31. Bh3 Bg6 32. Qh4 f5 33. Ne2 Rc2 34. Bf1 Qc5 35. Nf4 Rc1 36. Rxd5 Qc4 37. Qh3 Rc8 38. Rd7 Qxb5 39. Ne6 Qxd7 40. Nd4 Qe8 41. Kg2 Qe4+ 42. Kg1 Qd3 43. Qg2 Qe4 44. Qh3 Bf7 45. Ne2 Re1 46. Nf4 Rcc1 0-1


[Site "https://www.chess.com"]

[Event "Titled Tuesday Blitz May 03 Late 2022"]
[White "Rasulov, Vugar"]
[Black "Vusatiuk, Vladimir"]
[WhiteFideId "13402390"]
[BlackFideId "14118610"]
[WhiteElo "2560"]
[BlackElo "2157"]
[Result "1-0"]
[Round "04"]
[TimeControl "180+1"]
[Date "2022.05.03"]
[WhiteClock "0:00:12"]
[BlackClock "0:00:04"]

1. d4 Nf6 2. c4 e6 3. Nf3 a6 4. Nc3 d5 5. cxd5 exd5 6. Bf4 Be6 7. e3 Bd6 8. Bxd6 Qxd6 9. Qb3 Ra7 10. g3 O-O 11. Bg2 Nbd7 12. O-O c6 13. Rac1 b5 14. Ne2 Ne4 15. Nf4 Nb6 16. Qc2 Rc8 17. Nd3 Bf5 18. Nh4 Bd7 19. Nc5 Nf6 20. b3 a5 21. Nf3 a4 22. Ne5 Be8 23. Bh3 Rca8 24. Qc3 axb3 25. axb3 h6 26. Bf5 Ra2 27. Bb1 Ra1 28. Bh7+ Kxh7 29. Rxa1 Rc8 30. Ra6 Nbd7 31. Ncxd7 Bxd7 32. Nxd7 Qxd7 33. Rfa1 Qh3 34. Qd3+ g6 35. Qf1 Qf5 36. Ra7 Kg7 37. Re7 Ne4 38. Raa7 Rf8 39. Kg2 h5 40. h4 g5 41. Re5 Qg4 42. Rxg5+ Nxg5 43. hxg5 Qxg5 44. Qe2 Re8 45. Qf3 Qg6 46. Rc7 h4 47. g4 Re6 48. Qh3 Qg5 49. Rc8 Re4 50. f4 Qh6 51. g5 Qh5 52. Kf2 b4 53. Rd8 Re6 54. Qf5 h3 55. Kg1 h2+ 56. Kh1 Rxe3 57. Qf6+ Kh7 58. Rh8# 1-0


[Site "https://www.chess.com"]

[Event "Titled Tuesday Blitz May 03 Late 2022"]
[White "Remolar Gallen, Jose"]
[Black "Adewumi, Tanitoluwa"]
[WhiteFideId "2215187"]
[BlackFideId "30966396"]
[WhiteElo "2205"]
[BlackElo "2526"]
[Result "0-1"]
[Round "04"]
[TimeControl "180+1"]
[Date "2022.05.03"]
[WhiteClock "0:00:27"]
[BlackClock "0:00:09"]

1. d4 d5 2. Nf3 Nf6 3. c4 c6 4. Nc3 e6 5. Bg5 Be7 6. e3 O-O 7. Bd3 b6 8. O-O Bb7 9. b3 Nbd7 10. Qc2 Rc8 11. e4 h6 12. Bh4 dxe4 13. Nxe4 c5 14. dxc5 Nxc5 15. Nxc5 Rxc5 16. Rad1 Qc8 17. Qe2 Re8 18. Bb1 e5 19. Rfe1 e4 20. Nd4 g5 21. Bg3 Bf8 22. h4 e3 23. fxe3 Ng4 24. e4 Bg7 25. Nb5 Rxb5 26. cxb5 f5 27. Qc4+ Qxc4 28. bxc4 f4 29. Bf2 Ne5 30. Bd4 Re7 31. c5 bxc5 32. Bxc5 Rc7 33. Bd6 Rc3 34. Rc1 Rg3 35. Rc7 Nf3+ 36. Kf2 Nxe1 37. Rxb7 Rxg2+ 38. Kxe1 Rg1+ 39. Kd2 Rxb1 40. e5 f3 41. Ke3 g4 42. e6 Bf6 43. Rb8+ Kg7 44. e7 Bxe7 45. Bxe7 Re1+ 46. Kf4 Rxe7 47. Kxg4 f2 0-1


[Site "https://www.chess.com"]

[Event "Titled Tuesday Blitz May 03 Late 2022"]
[White "Reprintsev, Alexander"]
[Black "Melikhov, Evgeny V."]
[WhiteFideId "14100541"]
[BlackFideId "4122046"]
[WhiteElo "2108"]
[BlackElo "1931"]
[Result "1-0"]
[Round "04"]
[TimeControl "180+1"]
[Date "2022.05.03"]
[WhiteClock "0:00:30"]
[BlackClock "0:00:11"]

1. e4 e5 2. f4 Bc5 3. Nf3 d6 4. c3 Nf6 5. fxe5 dxe5 6. Nxe5 O-O 7. d4 Bd6 8. Nxf7 Rxf7 9. Bc4 Nxe4 10. Bxf7+ Kxf7 11. Qh5+ Kf8 12. O-O+ Nf6 13. Qxh7 Be6 14. Bg5 Nd7 15. Nd2 Bg8 16. Qh4 Qe8 17. Rae1 Qg6 18. Bxf6 Nxf6 19. Ne4 Be7 20. Qf4 Rc8 21. b3 Bf7 22. Nc5 Bxc5 23. dxc5 Bd5 24. Rf2 Re8 25. Rxe8+ Qxe8 26. Qd2 Qe4 27. c4 Bc6 28. Qd8+ Kf7 29. Qxc7+ Kg8 30. Qd8+ Kh7 31. Qd1 a5 32. Qc2 Qxc2 33. Rxc2 Kg6 34. a3 Ne4 35. b4 axb4 36. axb4 Kf5 37. Ra2 Ke5 38. Ra7 Kd4 39. b5 Bd7 40. c6 bxc6 41. Rxd7+ Kc5 42. bxc6 Kxc6 43. Rxg7 1-0


[Site "https://www.chess.com"]

[Event "Titled Tuesday Blitz May 03 Late 2022"]
[White "Romero Ruscalleda, Josep"]
[Black "Khabinets, Ivan"]
[WhiteFideId "2231859"]
[BlackFideId "14115980"]
[WhiteElo "2269"]
[BlackElo "2114"]
[Result "0-1"]
[Round "04"]
[TimeControl "180+1"]
[Date "2022.05.03"]
[WhiteClock "0:00:01"]
[BlackClock "0:01:39"]

1. e4 c5 2. c3 d6 3. d4 Nf6 4. Bd3 g6 5. dxc5 dxc5 6. Qe2 Nc6 7. Nf3 Bg7 8. O-O O-O 9. h3 Qc7 10. e5 Nd5 11. Re1 Rd8 12. Na3 a6 13. Bd2 b5 14. Rad1 c4 15. Bb1 h6 16. Nc2 e6 17. Ncd4 Nxd4 18. Nxd4 Bb7 19. Qg4 Qe7 20. Be4 Rac8 21. Qf3 g5 22. Bc1 Bxe5 23. Bxd5 Bxd5 24. Qh5 Qf6 25. Re3 Qg7 26. Rde1 Bf6 27. Nf3 Qg6 28. Qxg6+ fxg6 29. Ne5 Kg7 30. g3 a5 31. f4 gxf4 32. gxf4 Kh7 33. Ng4 Bg7 34. Kf2 b4 35. Bd2 Rb8 36. Ne5 Rf8 37. Kg3 Rb7 38. cxb4 axb4 39. b3 c3 40. Bc1 Ra7 41. R3e2 g5 42. fxg5 hxg5 43. Bxg5 Rf5 0-1


[Site "https://www.chess.com"]

[Event "Titled Tuesday Blitz May 03 Late 2022"]
[White "Rosen, Eric"]
[Black "Przybylski, Wojciech"]
[WhiteFideId "2032562"]
[BlackFideId "1117599"]
[WhiteElo "2362"]
[BlackElo "2133"]
[Result "1-0"]
[Round "04"]
[TimeControl "180+1"]
[Date "2022.05.03"]
[WhiteClock "0:00:30"]
[BlackClock "0:00:06"]

1. d4 Nf6 2. Bf4 e6 3. e3 Bd6 4. Bg3 O-O 5. Nd2 b6 6. Qf3 Nc6 7. c3 Bb7 8. Bd3 Qc8 9. e4 e5 10. d5 Ne7 11. Bh4 Ne8 12. Nc4 Ng6 13. Qg4 c6 14. Ne3 Nf4 15. O-O-O cxd5 16. exd5 Nxd3+ 17. Rxd3 Ba6 18. Rd2 Bc5 19. Nf5 Kh8 20. Nf3 d6 21. Be7 Rg8 22. Ng5 1-0


[Site "https://www.chess.com"]

[Event "Titled Tuesday Blitz May 03 Late 2022"]
[White "Rustemov, Alexander"]
[Black "Jacobson, Brandon"]
[WhiteFideId "4119002"]
[BlackFideId "30901561"]
[WhiteElo "2734"]
[BlackElo "2362"]
[Result "0-1"]
[Round "04"]
[TimeControl "180+1"]
[Date "2022.05.03"]
[WhiteClock "0:00:13"]
[BlackClock "0:00:10"]

1. d4 Nf6 2. c4 g6 3. Nf3 Bg7 4. g3 c5 5. Nc3 cxd4 6. Nxd4 h5 7. Bg2 h4 8. Bg5 h3 9. Bf3 Nc6 10. O-O O-O 11. Rc1 Ne5 12. b3 Nxf3+ 13. exf3 Qa5 14. Qd2 Re8 15. Rfe1 d6 16. Re2 Bd7 17. Rce1 e5 18. Ndb5 Bc6 19. Qd3 Rad8 20. Ne4 Nxe4 21. fxe4 Rd7 22. Nc3 f6 23. Bd2 Qd8 24. g4 f5 25. Qxh3 fxe4 26. Nxe4 d5 27. Bg5 Qc7 28. Nf6+ Bxf6 29. Bxf6 Rh7 30. Qg3 dxc4 31. Bxe5 Qf7 32. f4 Qd5 33. Re4 cxb3 34. axb3 Qd2 35. R4e2 Qd5 36. Kf2 Rf7 37. Re3 Qc5 38. Re2 Rxe5 39. b4 Qd4 40. Ke1 Rxe3 41. Rxe3 Qxf4 42. Qxf4 Rxf4 43. h3 Rxb4 44. Re6 Kg7 45. Kf2 Rb3 46. h4 Rf3+ 47. Ke2 Rf4 48. g5 Rxh4 49. Re7+ Kf8 50. Rc7 Rg4 51. Ke3 Rxg5 52. Kf4 Rf5+ 53. Ke3 Rf7 54. Kd4 Rxc7 55. Ke5 Ke7 56. Kf4 Kf6 57. Kg4 Rd7 0-1


[Site "https://www.chess.com"]

[Event "Titled Tuesday Blitz May 03 Late 2022"]
[White "Sadovsky, Artem"]
[Black "Akrakan"]
[WhiteFideId "4155840"]
[WhiteElo "2314"]
[BlackElo "2145"]
[Result "1-0"]
[Round "04"]
[TimeControl "180+1"]
[Date "2022.05.03"]
[WhiteClock "0:02:50"]
[BlackClock "0:02:17"]

1. e4 c5 2. Nc3 Nc6 3. g3 Nf6 4. Bg2 e6 5. d3 Be7 6. f4 d5 7. Nf3 d4 8. Ne2 b5 9. O-O Bb7 10. h3 Qc7 11. g4 a5 12. g5 Nd7 13. f5 exf5 14. Bf4 Bd6 15. Bxd6 Qxd6 16. exf5 f6 17. Nd2 O-O 18. Ne4 Qe7 19. g6 hxg6 20. fxg6 f5 21. N4g3 f4 22. Nxf4 Nde5 23. Qh5 Nxg6 24. Nxg6 1-0


[Site "https://www.chess.com"]

[Event "Titled Tuesday Blitz May 03 Late 2022"]
[White "Sailer, Mike"]
[Black "Petrova, Irina"]
[WhiteFideId "2012901"]
[BlackFideId "14124122"]
[WhiteElo "2109"]
[BlackElo "1993"]
[Result "0-1"]
[Round "04"]
[TimeControl "180+1"]
[Date "2022.05.03"]
[WhiteClock "0:00:01"]
[BlackClock "0:00:21"]

1. d4 d5 2. Nf3 Nf6 3. Bf4 c5 4. e3 Nc6 5. Nc3 a6 6. Be2 e6 7. O-O Be7 8. h3 O-O 9. Ne5 Nxe5 10. Bxe5 b5 11. a3 Bb7 12. Bf3 Rc8 13. Ne2 Ne4 14. Bxe4 dxe4 15. dxc5 Bxc5 16. Qxd8 Rfxd8 17. Rfd1 Be7 18. c3 f6 19. Bd4 Rd6 20. Ba7 Rxd1+ 21. Rxd1 Rd8 22. Rxd8+ Bxd8 23. Bc5 Bd5 24. Nd4 e5 25. Nc2 Kf7 26. Kf1 Ke6 27. Ke1 a5 28. Kd2 Kd7 29. Bf8 g6 30. h4 f5 31. g3 f4 32. Bh6 fxg3 33. fxg3 Ke6 34. g4 Bxh4 35. Ke2 Bd8 36. Kf2 Kf7 37. Kg3 Bf6 38. Ne1 Be7 39. Nc2 g5 40. Ne1 Kg6 0-1


[Site "https://www.chess.com"]

[Event "Titled Tuesday Blitz May 03 Late 2022"]
[White "Sanchez Alvares, Kelvin Antonio"]
[Black "Vasquez Schroeder, Rodrigo"]
[WhiteFideId "3906680"]
[BlackFideId "3400042"]
[WhiteElo "2193"]
[BlackElo "2561"]
[Result "0-1"]
[Round "04"]
[TimeControl "180+1"]
[Date "2022.05.03"]
[WhiteClock "0:00:22"]
[BlackClock "0:00:25"]

1. d4 Nf6 2. c4 g6 3. Nc3 Bg7 4. e4 d6 5. Nf3 O-O 6. Be2 e5 7. O-O Na6 8. d5 Nc5 9. Qc2 a5 10. Bg5 h6 11. Be3 b6 12. Nd2 Nfd7 13. b3 f5 14. a3 f4 15. Bxc5 bxc5 16. Bg4 Nf6 17. Bxc8 Qxc8 18. f3 g5 19. Nd1 h5 20. Nf2 g4 21. b4 axb4 22. axb4 cxb4 23. c5 Qb7 24. cxd6 cxd6 25. Qc6 Qxc6 26. dxc6 Rfc8 27. Rxa8 Rxa8 28. Nc4 Rc8 29. Na5 Bf8 30. Nd3 gxf3 31. gxf3 d5 32. exd5 Nxd5 33. Nxe5 Bc5+ 34. Kh1 Bb6 35. Nec4 Bxa5 36. Nxa5 Kf7 37. Re1 Ra8 38. Nc4 Kf6 39. Rd1 Ne3 40. Rd6+ Kf5 41. Nxe3+ fxe3 42. Kg2 Ra2+ 43. Kf1 Rc2 44. Rd5+ Kf4 45. Rxh5 b3 46. c7 Rxc7 47. Rb5 Kxf3 48. Rf5+ Ke4 49. Rb5 Rc3 50. Ke2 Rc2+ 51. Kd1 Rd2+ 52. Ke1 b2 53. Rb8 Rxh2 54. Re8+ Kd5 0-1


[Site "https://www.chess.com"]

[Event "Titled Tuesday Blitz May 03 Late 2022"]
[White "Sanchez, Robert"]
[Black "Koelle, Tobias"]
[WhiteFideId "2034360"]
[BlackFideId "16207378"]
[WhiteElo "2433"]
[BlackElo "2541"]
[Result "0-1"]
[Round "04"]
[TimeControl "180+1"]
[Date "2022.05.03"]
[WhiteClock "0:00:15"]
[BlackClock "0:02:04"]

1. e4 b6 2. Nf3 Bb7 3. Bc4 e6 4. Nc3 Bb4 5. Qe2 Ne7 6. O-O O-O 7. d4 d5 8. exd5 exd5 9. Bd3 Ng6 10. Ng5 Nd7 11. Qf3 Qf6 12. Qh3 h6 13. Qxd7 Bxc3 14. bxc3 hxg5 15. Qxc7 Bc8 16. Bxg6 Qxg6 17. Ba3 Re8 18. Rfe1 Be6 19. Qg3 Rac8 20. Re2 Rc6 21. Rae1 Rec8 22. Re3 Qxc2 23. Qxg5 Rxc3 24. Bd6 Rxe3 25. Qxe3 Qxa2 26. Be5 Qc2 27. h4 Qg6 28. Qf4 Qg4 29. Qxg4 Bxg4 30. Re3 Be6 31. Rg3 g6 32. h5 Bf5 33. h6 Kh7 34. Rg5 Kxh6 35. Bf6 Rc6 36. Be7 Re6 0-1


[Site "https://www.chess.com"]

[Event "Titled Tuesday Blitz May 03 Late 2022"]
[White "Sarana, Alexey"]
[Black "Fernandez, Daniel Howard"]
[WhiteFideId "24133795"]
[BlackFideId "5801605"]
[WhiteElo "2666"]
[BlackElo "2466"]
[Result "1-0"]
[Round "04"]
[TimeControl "180+1"]
[Date "2022.05.03"]
[WhiteClock "0:00:26"]
[BlackClock "0:00:13"]

1. d4 Nf6 2. c4 e6 3. Nc3 Bb4 4. e3 O-O 5. Bd3 d5 6. a3 Bxc3+ 7. bxc3 dxc4 8. Bxc4 b6 9. Ne2 Bb7 10. f3 Nbd7 11. e4 c5 12. O-O Qc7 13. Bd3 Rac8 14. Bg5 h6 15. Bh4 Rcd8 16. Qd2 Rde8 17. a4 Qc8 18. a5 c4 19. Bc2 b5 20. Bg3 e5 21. dxe5 Nxe5 22. Qd4 Nc6 23. Qc5 a6 24. Rfd1 Rd8 25. Nd4 Nxd4 26. cxd4 Qxc5 27. dxc5 Bc6 28. Be1 Nd7 29. Bb4 Ne5 30. Rd6 Rxd6 31. cxd6 Bd7 32. Kf2 Nc6 33. Bc5 b4 34. Ke3 b3 35. Bd1 Rc8 36. Bb6 Ne5 37. Kd4 Nd3 38. Bc7 Bb5 39. g3 f6 40. f4 Kf7 41. e5 f5 42. Bf3 b2 43. Rb1 Ba4 44. Bd5+ Ke8 45. Bxc4 1-0


[Site "https://www.chess.com"]

[Event "Titled Tuesday Blitz May 03 Late 2022"]
[White "Sargsyan, Anna M."]
[Black "Melaugh, Shane"]
[WhiteFideId "13308130"]
[BlackFideId "2509580"]
[WhiteElo "2271"]
[BlackElo "1972"]
[Result "1-0"]
[Round "04"]
[TimeControl "180+1"]
[Date "2022.05.03"]
[WhiteClock "0:00:11"]
[BlackClock "0:00:02"]

1. d4 e6 2. c4 f5 3. Nc3 Nf6 4. Qc2 Bb4 5. a3 Bxc3+ 6. Qxc3 O-O 7. Nf3 b6 8. Bf4 Bb7 9. e3 d6 10. Be2 h6 11. h3 Qe7 12. Qc2 Nbd7 13. Bh2 Be4 14. Qc3 Rae8 15. O-O e5 16. dxe5 dxe5 17. b4 c5 18. Rfd1 Bc6 19. bxc5 Qxc5 20. Nd2 Qe7 21. a4 Nc5 22. a5 Nfe4 23. Nxe4 Nxe4 24. Qb2 Qc5 25. axb6 axb6 26. Rab1 f4 27. Qxb6 fxe3 28. fxe3 Qa3 29. Ra1 Qc3 30. Bd3 Nf2 31. Qxc6 Nxd3 32. Qd5+ Kh8 33. Qxd3 Qb2 34. Kh1 Rf2 35. Qe4 Ref8 36. Ra8 Qe2 37. Rxf8+ Rxf8 38. Ra1 Rf2 39. Ra8+ 1-0


[Site "https://www.chess.com"]